 Dungeon Crawl Stone Soup version 0.29-a0-1027-gcd8c55af63 (webtiles) character file.

Game seed: 5352921739958028869

77 27heaven the Changer (level 3, -22/26 HPs)
             Began as a Demigod Wanderer on Aug 12, 2022.
             Annihilated by an ogre
             ... wielding a +0 giant spiked club
              (27 damage)
             ... on level 3 of the Dungeon.
             The game lasted 00:05:27 (3039 turns).

27heaven the Changer (Demigod Wanderer)             Turns: 3039, Time: 00:05:28

Health: -22/26     AC:  2    Str: 10    XL:     3   Next: 91%
Magic:  6/9        EV: 10    Int: 19    God:
Gold:   190        SH:  4    Dex: 15    Spells: 6/7 levels left

rFire   + . .      SeeInvis .   a - +0 dagger
rCold   . . .      Faith    .   d - +0 buckler
rNeg    . . .      Spirit   .   c - +0 robe
rPois   .          Reflect  .   (no helmet)
rElec   .          Harm     .   (no cloak)
rCorr   .          Rampage  .   (no gloves)
Will    .....                   (no boots)
Stlth   ++........              (no amulet)
HPRegen 0.08/turn               j - ring of protection from fire
MPRegen 0.11/turn               (no ring)

@: no status effects
A: high MP 1, forlorn, divine attributes
a: no special abilities


You were on level 3 of the Dungeon.
You visited 1 branch of the dungeon, and saw 3 of its levels.

You collected 212 gold pieces.
You spent 22 gold pieces at shops.

Inventory:

Hand Weapons
 a - a +0 dagger (weapon)
Armour
 c - a +0 robe (worn)
 d - a +0 buckler (worn)
Jewellery
 j - a ring of protection from fire (left hand)
Scrolls
 b - a scroll of fear
 f - a scroll of summoning
 h - a scroll of torment
 i - a scroll of enchant weapon
 k - a scroll of amnesia {unknown}
 m - a scroll of vulnerability {unknown}
 n - a scroll of teleportation {unknown}
Potions
 e - a potion of curing {unknown}
 g - a potion of heal wounds
 l - a potion of cancellation {unknown}


   Skills:
 - Level 1.0 Armour
 - Level 1.0 Stealth
 + Level 2.0 Shields
 + Level 2.5 Spellcasting
 - Level 1.8 Translocations
 + Level 2.6 Transmutations
 + Level 1.7 Poison Magic


You had 6 spell levels left.
You knew the following spells:

 Your Spells              Type           Power      Damage    Failure   Level
a - Sting                 Tmut/Pois      40%        1d5       9%          1

Your spell library contained the following spells:

 Spells                   Type           Power      Damage    Failure   Level
 Apportation              Tloc           18%        N/A       10%         1
 Gell's Gravitas          Tloc           9%         N/A       30%         3
 Ignite Poison            Fire/Tmut/Pois 7%         N/A       34%         3
 Conjure Flame            Conj/Fire      2%         6-21      54%         3
 Petrify                  Tmut/Erth      7%         N/A       77%         4
 Sticky Flame             Conj/Fire      2%         2d3       91%         4


Dungeon Overview and Level Annotations

Branches:
Dungeon (3/15)

Shops:
D:2 *


Innate Abilities, Weirdness & Mutations

You have an increased reservoir of magic. (+10% MP)
You shall have no god before yourself.
Your divine heritage dramatically boosts your attributes as you level up.


Message History

Okay, then.
The sting hits the gnoll.
The gnoll is poisoned.
The gnoll is moderately wounded.
The sting hits the gnoll.
The gnoll looks even sicker.
The gnoll is heavily wounded.
The sting hits the gnoll.
The gnoll looks even sicker.
The gnoll is severely wounded.
The gnoll hits you with a +0 flail!
You kill the gnoll!
Key pressed, stopping explore.
Things that are here:
a +0 flail; a gnoll skeleton A ball python and a quokka come into view.
There are monsters nearby!
There are monsters nearby!
There are monsters nearby!
The sting hits the quokka.
The quokka is poisoned.
The quokka is severely wounded.
The sting hits the quokka.
The quokka looks even sicker.
You kill the quokka!
You can't see any susceptible monsters within range! (Use Z to cast anyway.)
A ball python is nearby!
You see here a quokka corpse.
The sting hits the ball python.
The ball python is poisoned.
The ball python is severely wounded.
The sting hits the ball python.
The ball python looks even sicker.
You kill the ball python!
You can't see any susceptible monsters within range! (Use Z to cast anyway.)
An ogre comes into view. It is wielding a +0 giant spiked club.
Found a stone staircase leading up.
Found 5 javelins.
The ogre hits you with a +0 giant spiked club!!
Ouch! That really hurt!
* * * LOW HITPOINT WARNING * * *
You see here a scroll of identify.
You are too injured to fight recklessly!
The ogre attacks as you move away!
The ogre hits you with a +0 giant spiked club!!
Ouch! That really hurt!
You die...

..........+ ..........#
#.# ..........## . #.# #
..........##..##.#.###
..........##.#.#.#.#.##
..........# ..........#
.........)# ##.#.#.#.###
..........###....?.....#
########)....#.#@#.#.#..
#.####†..O.....# #.#
##.#.#.#.#.(
#.####........
#....##.#.#<#.#
####.#.##.....# #.#.
#.##### #.#. ##. #.#. .


You could see an ogre.

Vanquished Creatures
  3 gnolls (D:3)
  2 dart slugs
  5 endoplasms
  2 giant cockroaches
  2 goblins
  3 hobgoblins
  4 jackals (D:2)
  5 kobolds
  3 quokkas
  4 ball pythons
  2 bats (D:1)
  3 frilled lizards
  3 rats
41 creatures vanquished.

Notes
Turn   | Place    | Note
-------+----------+-------------------------------------------
     0 | D:1      | 27heaven the Demigod Wanderer began the quest for the Orb.
     0 | D:1      | 27heaven set off with the following items: a +0 dagger, a
                  | scroll of fear, a +0 robe, a +0 buckler; and the following
                  | spells available to memorise: Apportation, Sting, Gell's
                  | Gravitas, Ignite Poison, Petrify.
     0 | D:1      | Reached XP level 1. HP: 14/14 MP: 5/5
   270 | D:1      | Learned a level 1 spell: Sting
   844 | D:1      | Reached XP level 2. HP: 19/20 MP: 2/7
  1361 | D:2      | Found Aruopooz's General Store.
  1399 | D:2      | Reached skill level 1 in Poison Magic
  1511 | D:2      | Bought a scroll of identify for 22 gold pieces
  2115 | D:2      | Reached XP level 3. HP: 22/26 MP: 2/9
  3035 | D:3      | Noticed an ogre
  3039 | D:3      | Annihilated by an ogre

Illustrated notes

Levels and vault maps discovered:
D:1:      nagdon_arrival_zigzag_paths, layout_rooms, serial_bayou_pond_e
D:2:      layout_loops_ring, hellmonk_ecumenical_altar_lost_god, serial_shops,
          nicolae_shop_waterfront
D:3:      layout_basic, nicolae_uskayaw_dance_hall, mainiacjoe_overflow_paths,
          st_stairs_9, roderic_batcave

Skill      XL: |  1  2  3 |
---------------+----------+-----
Transmutations | 2 |  2.6
Spellcasting   | 2 |  2.5
Poison Magic   | 1 |  1.7
Shields        | 2 |  2.0
Armour         | |  1.0
Stealth        | |  1.0
Translocations | |  1.8

Action                   || total
-------------------------++-------
Melee: Dagger            ||    45
 Cast: Sting             ||    84
  Use: Scroll            ||     4
Armor: Robe              ||     8
Dodge: Dodged            ||    43
Block: Buckler           ||    11

Table legend: (Time is in decaauts)
 A = Elapsed time spent in this place.
 B = Non-inter-level travel time spent in this place.
 C = Inter-level travel time spent in this place.
 D = Time resting spent in this place.
 E = Time spent auto-exploring this place.
 F = Levels seen in this place.
 G = Mean time per level.
                   A        B        C        D        E       F      G
               +--------+--------+--------+--------+--------+-----+--------+
         Total |   3040 |   3040 |      0 |      0 |   2541 |   3 | 1013.3 |
       Dungeon |   3040 |   3040 |      0 |      0 |   2541 |   3 | 1013.3 |
               +--------+--------+--------+--------+--------+-----+--------+

Top non-repeatable levels by time:
     D:1: 1353 daAuts
     D:2: 1202 daAuts
     D:3: 484 daAuts
